 Dungeon Crawl Stone Soup version 0.30.0-18-gc0e69614cb (webtiles) character file.

Game seed: 17645833397611160104

27 CaptainMV the Chiller (level 2, -4/21 HPs)
             Began as a Demonspawn Wanderer on May 25, 2023.
             Was a Follower of Vehumet.
             Slain by a worm (9 damage)
             ... on level 2 of the Dungeon.
             The game lasted 00:07:16 (1066 turns).

CaptainMV the Chiller (Demonspawn Wanderer)         Turns: 1066, Time: 00:07:18

Health: -4/21      AC:  3    Str:  9    XL:     2   Next: 93%
Magic:  0/3        EV: 13    Int: 13    God:    Vehumet [*.....]
Gold:   37         SH:  0    Dex: 15    Spells: 2/3 levels left

rFire   . . .        a - +0 dagger
rCold   . . .        (no shield)
rNeg    . . .        c - +1 robe
rPois   .            (no helmet)
rElec   .            (no cloak)
rCorr   .            (no gloves)
SInv    .            (no boots)
Will    .....        (no amulet)
Stlth   +            (no ring)
HPRegen 0.23/turn    (no ring)
MPRegen 0.08/turn

%: no passive effects
@: no status effects
A: hooves 1
a: Renounce Religion


You were on level 2 of the Dungeon.
You worshipped Vehumet.
Vehumet was aware of your devotion.
You visited 1 branch of the dungeon, and saw 2 of its levels.

You collected 37 gold pieces.

Inventory:

Hand Weapons
 a - a +0 dagger (weapon)
Missiles
 b - 6 poisoned darts (quivered)
Armour
 c - a +1 robe (worn)
Jewellery
 h - an amulet of the acrobat
Scrolls
 d - a scroll of vulnerability
 f - 2 scrolls of butterflies
Potions
 e - 2 potions of resistance {unknown}
 g - a potion of cancellation {unknown}
 i - a potion of haste {unknown}


   Skills:
 + Level 1.0 Fighting
 + Level 0.3 Short Blades
 + Level 3.1 Dodging
 + Level 0.1 Stealth
 + Level 1.0 Spellcasting
 + Level 1.1 Necromancy
 + Level 4.1 Ice Magic


You had 2 spell levels left.
You knew the following spells:

 Your Spells              Type           Power      Damage    Failure   Level
a - Freeze                Ice            44%        1d6       5%          1

Your spell library contained the following spells:

 Spells                   Type           Power      Damage    Failure   Level
 Foxfire                  Conj/Fire      0%         2x1d4     28%         1
 Kiss of Death            Conj/Necr      8%         2d6       22%         1
 Blink                    Tloc           0%         N/A       38%         2
 Frozen Ramparts          Ice            22%        1d4       16%         3
 Vampiric Draining        Necr           3%         2d6       47%         3
 Vhi's Electric Charge    Tloc/Air       0%         N/A       63%         3
 Summon Ice Beast         Ice/Summ       6%         N/A       77%         4
 Manifold Assault         Tloc           0%         N/A       95%         4
 Arcjolt                  Conj/Air       0%         1d10      100%        5
 Storm Form               Tmut/Air       0%         N/A       100%        7
 Maxwell's Capacitive Co  Air            0%         ∞         100%        8


Dungeon Overview and Level Annotations

Branches:
Dungeon (2/15)

Altars:
Vehumet


Innate Abilities, Weirdness & Mutations

You have large cloven feet.


Message History

The worm is heavily wounded.
The frilled lizard misses you. The worm bites you.
You hit the worm.
The worm is heavily wounded.
The frilled lizard bites you but does no damage.
You hit the worm but do no damage. You kick the worm, but do no damage.
You punch the worm, but do no damage.
The worm is heavily wounded.
The frilled lizard misses you. The worm bites you.
You hit the worm but do no damage.
The worm is heavily wounded.
The frilled lizard misses you.
You hit the worm. You kick the worm, but do no damage.
The worm is heavily wounded.
The frilled lizard barely misses you. The worm misses you.
You barely miss the worm.
The worm is heavily wounded.
The frilled lizard barely misses you. The worm barely misses you.
You hit the worm.
The worm is heavily wounded.
The frilled lizard barely misses you.
You hit the worm. You kick the worm.
The worm is heavily wounded.
The frilled lizard closely misses you. The worm closely misses you.
You barely miss the worm.
The worm is heavily wounded.
The frilled lizard bites you but does no damage.
You barely miss the worm.
The worm is heavily wounded.
The frilled lizard bites you. The worm bites you!
* * * LOW HITPOINT WARNING * * *
Casting: Freeze (safe; 5% risk of failure)
Confirm with . or Enter, or press ? or * to list all spells.
Aiming: Freeze (safe; 5% risk of failure)
Press: ? - help, Shift-Dir - straight line, f/p - worm
Aim: a worm (heavily wounded)
You freeze the worm.
The worm is heavily wounded.
The frilled lizard barely misses you. The worm bites you!
You die...

#...........#....#.........
#####...###....#.........##
#..........#.........#
####..#.#..#.........#
##...#..#.........#
##>.#..#.........# #..#
#..# #@.# #wl# #..# #..#
#..# #..# #..# ...#


You could see a worm and a frilled lizard.

Vanquished Creatures
  An adder (D:2)
  3 bats
  An endoplasm (D:1)
  A giant cockroach (D:1)
  3 goblins
  2 hobgoblins (D:2)
  2 jackals (D:2)
  A ball python (D:2)
  2 frilled lizards
  A rat (D:2)
17 creatures vanquished.

Notes
Turn   | Place    | Note
-------+----------+-------------------------------------------
     0 | D:1      | CaptainMV the Demonspawn Wanderer began the quest for the
                  | Orb.
     0 | D:1      | CaptainMV set off with the following items: a +0 dagger, a
                  | scroll of teleportation, a +0 robe, a scroll of
                  | vulnerability; and the following spells available to
                  | memorise: Freeze, Kiss of Death, Frozen Ramparts, Vampiric
                  | Draining, Summon Ice Beast.
     0 | D:1      | Reached XP level 1. HP: 15/15 MP: 2/2
     2 | D:1      | Learned a level 1 spell: Freeze
   389 | D:1      | Gained mutation: You have large cloven feet. [demonic
                  | ancestry]
   389 | D:1      | Reached XP level 2. HP: 20/21 MP: 1/3
   657 | D:2      | Reached skill level 4 in Ice Magic
   844 | D:2      | Found a faded altar of an unknown god.
   846 | D:2      | Prayed at the altar of an unknown god.
   846 | D:2      | Became a worshipper of Vehumet
   846 | D:2      | Reached * piety under Vehumet
   846 | D:2      | Offered knowledge of Foxfire by Vehumet.
  1066 | D:2      | Slain by a worm

Illustrated notes

Levels and vault maps discovered:
D:1:      lemuel_arrival_hallway, layout_loops_cross,
          wad_floor_pattern_untrapped
D:2:      layout_basic, chequers_ecumenical_altar_twisty

Skill      XL: |  1  2 |
---------------+-------+-----
Dodging        | 3 |  3.1
Ice Magic      | 4 |  4.1
Fighting       | |  1.0
Short Blades   | |  0.3
Stealth        | |  0.1
Spellcasting   | |  1.0
Necromancy     | |  1.1

Action                     || total
---------------------------++-------
  Melee: Dagger            ||    35
         Kick              ||     6
         Punch             ||     1
   Cast: Freeze            ||    23
    Use: Scroll            ||     5
 Armour: Robe              ||    14
  Dodge: Dodged            ||    41
